 Dungeon Crawl Stone Soup version 0.31-a0-177-g4aa6249778 (webtiles) character file.

Game seed: 1537031377388399835

113 qw the Shooter (level 4, -3/42 HPs)
             Began as a Naga Hunter on June 18, 2023.
             Slain by a hobgoblin (5 damage)
             ... on level 3 of the Dungeon.
             The game lasted 00:00:44 (1956 turns).

qw the Shooter (Naga Hunter)                        Turns: 1956, Time: 00:00:45

Health: -3/42      AC:  2    Str: 13    XL:     4   Next: 96%
Magic:  4/4        EV: 10    Int: 10    God:
Gold:   123        SH:  0    Dex: 16    Spells: 3/3 levels left

rFire   . . .        Y - +0 shortbow
rCold   . . .        (shield currently unavailable)
rNeg    . . .        c - +0 leather armour
rPois   +            (helmet restricted)
rElec   .            (no cloak)
rCorr   .            (no gloves)
SInv    +            (no barding)
Will    .....        (no amulet)
Stlth   +++          d - ring "Ropno" {Fly rPois}
HPRegen 0.27/turn    (no ring)
MPRegen 0.09/turn

%: no passive effects
@: short of breath, flying, very slow
A: AC +1, large, see invisible, deformed body, poison resistance, slowness 2,
spit poison 1, naga tail 1, antennae 1, camouflage 1, sturdy frame 1
a: Spit Poison


You were on level 3 of the Dungeon.
You visited 1 branch of the dungeon, and saw 4 of its levels.

You collected 221 gold pieces.
You spent 98 gold pieces at shops.


Innate Abilities, Weirdness & Mutations

Your serpentine skin is tough. (AC +1)
You have supernaturally acute eyesight. (SInv)
Armour fits poorly on your strangely shaped body.
Your system is resistant to poisons. (rPois)
You cover ground very slowly.
You can spit poison.
You have a snake-like lower body.
You have a pair of small antennae on your head.
Your skin changes colour to match your surroundings (Stealth+).
Your movements are slightly less encumbered by armour. (ER -2)


   Skills:
 - Level 3.0 Fighting
 + Level 5.1 Ranged Weapons
 - Level 1.5 Dodging
 - Level 1.5 Stealth


You had 3 spell levels left.
You didn't know any spells.
Your spell library was empty.

Inventory:

Hand Weapons
 Y - a +0 shortbow (weapon)
Armour
 c - a +0 leather armour (worn)
Jewellery
 d - the ring "Ropno" (left hand) {Fly rPois}
   (You found it on level 2 of the Dungeon)

   [ring of poison resistance]

   rPois:     It protects you from poison.
   Fly:       It grants you flight.
Scrolls
 a - a scroll of identify
Potions
 f - a potion of degeneration {unknown}
 g - a potion of curing
 i - a potion of attraction {unknown}
 j - a potion of mutation

Dungeon Overview and Level Annotations

Branches:
Dungeon (4/15)
 Temple: D:4-7

Altars:

Shops:
D:2 *

Annotations:
D:3 2 transporters


Message History

You shoot an arrow. The arrow hits the sleepcap.
The sleepcap is lightly damaged.
The hobgoblin hits you. The sleepcap releases spores at you.
1949 ||| DRINKING potion of heal wounds.
You feel much better. The hobgoblin barely misses you.
The sleepcap barely misses you.
You shoot an arrow. The arrow hits the sleepcap.
The sleepcap is lightly damaged.
You have got your breath back.
The hobgoblin closely misses you. The sleepcap releases spores at you.
You are engulfed in a cloud of soporific spores!
You fall asleep.
The hobgoblin hits you.
You wake up.
The sleepcap closely misses you.
1952 ||| INVOKING Spit Poison.
Aiming: Spit Poison (1% risk of failure)
Press: ? - help, Shift-Dir - straight line, f - hobgoblin, p - sleepcap The splash of poison misses the hobgoblin.
The hobgoblin misses you. The sleepcap releases spores at you.
You are engulfed in a cloud of soporific spores!
You are unaffected.
You shoot an arrow.
The arrow hits the sleepcap but does no damage.
The sleepcap is lightly damaged.
The hobgoblin misses you. The sleepcap releases spores at you!
The sleepcap releases spores at you.
You are engulfed in a cloud of soporific spores!
You are unaffected.
The hobgoblin barely misses you.
You shoot an arrow. The arrow hits the sleepcap.
The sleepcap is moderately damaged.
The sleepcap releases spores at you. The hobgoblin barely misses you.
You shoot an arrow. The arrow hits the sleepcap.
The sleepcap is heavily damaged.
You have got your breath back.
The sleepcap closely misses you. The hobgoblin closely misses you.
1956 ||| INVOKING Spit Poison.
Aiming: Spit Poison (1% risk of failure)
Press: ? - help, Shift-Dir - straight line, f - hobgoblin, p - sleepcap The splash of poison misses the hobgoblin.
The sleepcap barely misses you. The hobgoblin hits you.
You die...

#.#.##....#....
#.#..##.......#
#.#...'.......'
###.#..##.......#
######...#%##.........
#........###..........
#.....................
#...fg[..######.....##
#...)@[..#....%#...#).
#....)...##..).##.##..
#........##....##.##..
#........####...#.#...
#....?#..########.####
#.....##..............
#.....###.##..........
#.....###.####.#..#.#.
#.....#......#.#..#.#.


You could see a sleepcap and a hobgoblin.

Vanquished Creatures
  An orc wizard (D:3)
  2 adders (D:3)
  A worm (D:2)
  5 orcs
  7 ball pythons
  7 bats
  4 endoplasms
  A giant cockroach (D:2)
  6 goblins
  5 hobgoblins
  8 kobolds
  4 quokkas
  2 frilled lizards
  6 rats
59 creatures vanquished.

Notes
Turn   | Place    | Note
-------+----------+-------------------------------------------
     0 | D:1      | qw the Naga Hunter began the quest for the Orb.
     0 | D:1      | Reached XP level 1. HP: 19/19 MP: 1/1
     0 | D:1      | 0 ||| qw: Version: 0.3-a-5-g6f28e65
     0 | D:1      | 0 ||| qw: Game counter: 570
     0 | D:1      | 0 ||| qw: Always use a shield: true
     0 | D:1      | 0 ||| qw: God list: Okawaru
     0 | D:1      | 0 ||| qw: Allow faded altars: false
     0 | D:1      | 0 ||| qw: Do Orc after D:15 true
     0 | D:1      | 0 ||| qw: Do second Lair branch before Depths: true
     0 | D:1      | 0 ||| qw: Lair rune preference: random
     0 | D:1      | 0 ||| qw: Plans: Normal
     0 | D:1      | 0 ||| PLANNING D:1-11
     5 | D:1      | 5 ||| INVOKING Spit Poison.
    23 | D:1      | 23 ||| INVOKING Spit Poison.
    29 | D:1      | 29 ||| INVOKING Spit Poison.
    58 | D:1      | 58 ||| INVOKING Spit Poison.
    61 | D:1      | Reached skill level 4 in Ranged Weapons
    61 | D:1      | Reached XP level 2. HP: 26/26 MP: 2/2
    71 | D:1      | 71 ||| INVOKING Spit Poison.
    76 | D:1      | 76 ||| INVOKING Spit Poison.
   123 | D:1      | 123 ||| INVOKING Spit Poison.
   172 | D:1      | 172 ||| INVOKING Spit Poison.
   177 | D:1      | 177 ||| INVOKING Spit Poison.
   225 | D:1      | 225 ||| INVOKING Spit Poison.
   312 | D:1      | 312 ||| INVOKING Spit Poison.
   364 | D:1      | 364 ||| INVOKING Spit Poison.
   462 | D:1      | 462 ||| INVOKING Spit Poison.
   535 | D:1      | 535 ||| READING 2 scrolls labelled EFELOF GESA.
   536 | D:1      | 536 ||| READING scroll labelled SASEDE BEAPN.
   537 | D:1      | 537 ||| DROPPING scroll of butterflies.
   568 | D:2      | 568 ||| INVOKING Spit Poison.
   570 | D:2      | Reached XP level 3. HP: 32/32 MP: 3/3
   577 | D:2      | 577 ||| INVOKING Spit Poison.
   583 | D:2      | 583 ||| INVOKING Spit Poison.
   588 | D:2      | 588 ||| INVOKING Spit Poison.
   613 | D:2      | 613 ||| INVOKING Spit Poison.
   667 | D:2      | Identified the ring "Ropno" {Fly rPois}
   680 | D:2      | 680 ||| INVOKING Spit Poison.
   706 | D:2      | 706 ||| INVOKING Spit Poison.
   762 | D:2      | 762 ||| INVOKING Spit Poison.
   792 | D:2      | Found Itosilue's Assorted Antiques.
   798 | D:2      | 798 ||| SHOPLISTING brightly glowing golden ring (130 gold,
                  | have 98).
   798 | D:2      | 798 ||| BUYING cyan potion (23 gold).
   798 | D:2      | Bought a cyan potion for 23 gold pieces
   798 | D:2      | 798 ||| BUYING fuming amethyst potion (23 gold).
   798 | D:2      | Bought a fuming amethyst potion for 23 gold pieces
   798 | D:2      | 798 ||| SHOPLISTING helmet (117 gold, have 52).
   798 | D:2      | 798 ||| SHOPLISTING ichor-stained sling (169 gold, have
                  | 52).
   798 | D:2      | 798 ||| BUYING scroll labelled CAC SOIDAR (26 gold).
   798 | D:2      | Bought a scroll labelled CAC SOIDAR for 26 gold pieces
   798 | D:2      | 798 ||| BUYING scroll labelled NEQICSIRUA (26 gold).
   798 | D:2      | Bought a scroll labelled NEQICSIRUA for 26 gold pieces
   798 | D:2      | 798 ||| SHOPLISTING scroll of identify (52 gold, have 0).
   848 | D:2      | 848 ||| INVOKING Spit Poison.
  1007 | D:2      | 1007 ||| UPGRADING to ring "Ropno" {Fly rPois}.
  1008 | D:2      | 1008 ||| READING scroll labelled KAWEMA ZINUA.
  1009 | D:2      | 1009 ||| READING scroll labelled CAC SOIDAR.
  1010 | D:2      | 1010 ||| READING scroll labelled NEQICSIRUA.
  1011 | D:2      | 1011 ||| DRINKING 2 metallic black potions.
  1012 | D:2      | 1012 ||| DRINKING 2 cyan potions.
  1067 | D:3      | 1067 ||| INVOKING Spit Poison.
  1081 | D:3      | 1081 ||| INVOKING Spit Poison.
  1087 | D:3      | Found a transporter.
  1109 | D:3      | 1109 ||| INVOKING Spit Poison.
  1128 | D:3      | 1128 ||| INVOKING Spit Poison.
  1328 | D:3      | 1328 ||| INVOKING Spit Poison.
  1333 | D:3      | 1333 ||| INVOKING Spit Poison.
  1334 | D:3      | Reached skill level 5 in Ranged Weapons
  1334 | D:3      | Reached XP level 4. HP: 38/39 MP: 4/4
  1377 | D:3      | 1377 ||| INVOKING Spit Poison.
  1381 | D:3      | 1381 ||| INVOKING Spit Poison.
  1419 | D:3      | 1419 ||| INVOKING Spit Poison.
  1422 | D:3      | 1422 ||| INVOKING Spit Poison.
  1426 | D:3      | 1426 ||| INVOKING Spit Poison.
  1479 | D:3      | Found a transporter.
  1855 | D:3      | 1855 ||| READING scroll labelled MAUMAMMU JAJEK.
  1856 | D:3      | 1856 ||| READING 3 scrolls labelled IPAPLE ZOCUT.
  1857 | D:3      | 1857 ||| DRINKING 2 fuming amethyst potions.
  1857 | D:3      | Gained mutation: Your skin changes colour to match your
                  | surroundings (Stealth+). [potion of mutation]
  1857 | D:3      | Gained mutation: Your movements are slightly less
                  | encumbered by armour. (ER -2) [potion of mutation]
  1857 | D:3      | Gained mutation: You have a pair of small antennae on your
                  | head. [potion of mutation]
  1858 | D:3      | 1858 ||| READING 2 scrolls of identify.
  1858 | D:3      | 1858 ||| IDENTIFYING smoky inky potion
  1859 | D:3      | 1859 ||| DROPPING potion of brilliance.
  1860 | D:3      | 1860 ||| DROPPING 2 scrolls of summoning.
  1867 | D:4      | 1867 ||| INVOKING Spit Poison.
  1873 | D:4      | 1873 ||| STAIRDANCE
  1875 | D:3      | 1875 ||| INVOKING Spit Poison.
  1879 | D:3      | HP: 9/40 [kobold/+0 dagger (3)]
  1880 | D:3      | Reached skill level 3 in Fighting
  1880 | D:3      | 1880 ||| DRINKING 2 potions of heal wounds.
  1882 | D:3      | 1882 ||| INVOKING Spit Poison.
  1941 | D:4      | 1941 ||| INVOKING Spit Poison.
  1942 | D:4      | 1942 ||| STAIRDANCE
  1945 | D:3      | 1945 ||| INVOKING Spit Poison.
  1948 | D:3      | HP: 8/42 [hobgoblin (4)]
  1948 | D:3      | HP: 3/42 [sleepcap (5)]
  1949 | D:3      | 1949 ||| DRINKING potion of heal wounds.
  1952 | D:3      | 1952 ||| INVOKING Spit Poison.
  1953 | D:3      | HP: 5/42 [sleepcap (8)]
  1953 | D:3      | HP: 2/42 [sleepcap (3)]
  1956 | D:3      | 1956 ||| INVOKING Spit Poison.
  1956 | D:3      | Slain by a hobgoblin

Levels and vault maps discovered:
D:1:      mushboom_english_gardens, layout_loops_ring, minmay_misc_feat_encased
D:2:      layout_rooms, serial_shops, shop, kennysheep_flooded_box
D:3:      gammafunk_steamed_eel, layout_basic, minmay_pentangle
D:4:      layout_rooms, kennysheep_orc_sif_temple, minmay_temple_entry_mist

Skill      XL: |  1  2  3  4 |
---------------+-------------+-----
Ranged Weapons | 4 5 |  5.1
Fighting       | 3 |  3.0
Dodging        | |  1.5
Stealth        | |  1.5

Action                     |  1- 3 |  4- 6 || total
---------------------------+-------+-------++-------
   Fire: Shortbow          |    51 |    36 ||    87
Ability: Spit Poison       |    28 |    12 ||    40
    Use: Scroll            |     5 |     3 ||     8
         Potion            |     2 |     3 ||     5
 Armour: Leather armour    |     5 |     7 ||    12
  Dodge: Dodged            |     8 |    36 ||    44

Table legend:
 A = Non-vault XP
 B = Vault XP
 C = Vault XP percentage of total XP
 D = Non-vault monster count
 E = Vault monster count
 F = Vault count percentage of total count
                 A         B        C        D         E       F
            +---------+---------+-------+---------+---------+-------
      Total |     131 |      31 |  19.1 |      49 |      10 |  16.9
            +---------+---------+-------+---------+---------+-------
        D:1 |      32 |       0 |   0.0 |      18 |       0 |   0.0
        D:2 |      23 |       0 |   0.0 |      14 |       0 |   0.0
        D:3 |      68 |      31 |  31.3 |      14 |      10 |  41.7
        D:4 |       8 |       0 |   0.0 |       3 |       0 |   0.0
            +---------+---------+-------+---------+---------+-------
